PBL
LONDON MAJORS @ CANTON INDIANS
09/16/2047
 
TOP OF THE 1ST
London Majors batting - Pitching for Canton Indians : RHP Joe Babich
Pitching: RHP Joe Babich
Batting: RHB Manny Elizondo 0-0: Ball
1-0: Ball
2-0: Ball
3-0: Called Strike
3-1: Foul Ball, location: 2F
3-2: SINGLE (Line Drive, 89M, EV 96.2 MPH)
Batting: LHB Ron de Vos 0-0: Swinging Strike
0-1: Ball
1-1: Called Strike
1-2: TRIPLE (Groundball, 5L, EV 106.2 MPH)
Manny Elizondo scores
Batting: RHB Akira Kubo 0-0: Called Strike
0-1: Ball
1-1: Swinging Strike
1-2: Foul Ball, location: 2F
1-2: Fly out, F7 (Flyball, 7D, EV 101.2 MPH)
Runner from 3rd tags up, SCORES, no throw by LF
Batting: RHB Carlos Murillo 0-0: Foul Ball, location: 2F
0-1: Foul Ball, location: 2F
0-2: Strikes out swinging
Batting: RHB Mikey Sano 0-0: Fly out, F9 (Flyball, 9LM, EV 85.6 MPH)
Top of the 1st over - 2 runs, 2 hits, 0 errors, 0 left on base; London 2 - Canton 0
BOTTOM OF THE 1ST
Canton Indians batting - Pitching for London Majors : LHP Antoine Herndon
Pitching: LHP Antoine Herndon
Batting: RHB George Wagner 0-0: Foul Ball, location: 2F
0-1: Ball
1-1: Foul Ball, location: 2F
1-2: Ball
2-2: Reached on error, E6 (Groundball, 6, EV 104.4 MPH)
Batting: RHB Leo Villa 0-0: Called Strike
0-1: Ball
1-1: Ball
2-1: SINGLE (Flyball, 89S, EV 83.1 MPH)
George Wagner to second
Batting: RHB Adam McMillen 0-0: Called Strike
0-1: Swinging Strike
0-2: Foul Ball, location: 2F
0-2: Ball
1-2: Grounds into double play, 4-6-3 (Groundball, 4, EV 108.8 MPH)
George Wagner to third
Batting: LHB Sergei Stefanov 0-0: Ball
1-0: Ball
2-0: Ball
3-0: Called Strike
3-1: Ground out 6-3 (Groundball, 6, EV 86.2 MPH)
Bottom of the 1st over - 0 runs, 1 hit, 1 error, 1 left on base; London 2 - Canton 0
TOP OF THE 2ND
London Majors batting - Pitching for Canton Indians : RHP Joe Babich
Batting: RHB Rudolph Lentz 0-0: Foul Ball, location: 2F
0-1: Foul Ball, location: 2F
0-2: Foul Ball, location: 2F
0-2: Ball
1-2: Foul Ball, location: 2F
1-2: Strikes out looking
Batting: LHB Nate Greening 0-0: Ball
1-0: Ground out 4-3 (Groundball, 4, EV 104.4 MPH)
Batting: RHB Jorge Alva 0-0: Fly out, F5 (Popup, 5SF, EV 71.2 MPH)
Top of the 2nd over - 0 runs, 0 hits, 0 errors, 0 left on base; London 2 - Canton 0
BOTTOM OF THE 2ND
Canton Indians batting - Pitching for London Majors : LHP Antoine Herndon
Batting: RHB Patrick Pinault 0-0: Ground out 6-3 (Groundball, 56, EV 80.6 MPH)
Batting: RHB Tacito Carreiro 0-0: Ball
1-0: Ball
2-0: Ball
3-0: Base on Balls
Batting: RHB Aaron Stout 0-0: Ball
1-0: Foul Ball, location: 2F
1-1: Swinging Strike
1-2: Ball
2-2: Foul Ball, location: 2F
2-2: Ball
3-2: Strikes out swinging
Batting: RHB Juan Ordonez 0-0: Swinging Strike
0-1: Ball
1-1: Ball
2-1: Ball
3-1: Base on Balls
Tacito Carreiro to second
Batting: RHB Tony Gonzales 0-0: DOUBLE (Flyball, 89D, EV 106.2 MPH)
Tacito Carreiro scores
Juan Ordonez to third
Runner from 3rd tries for Home, SAFE, throw by RF to trailing runner, SAFE at third!
Batting: RHB George Wagner 0-0: Ground out 6-3 (Groundball, 6, EV 88.1 MPH)
Bottom of the 2nd over - 2 runs, 1 hit, 0 errors, 1 left on base; London 2 - Canton 2
TOP OF THE 3RD
London Majors batting - Pitching for Canton Indians : RHP Joe Babich
Batting: RHB Hanley Hernandez 0-0: Called Strike
0-1: Ball
1-1: Ball
2-1: Ball
3-1: Fly out, F8 (Flyball, 8RM, EV 85.0 MPH)
Batting: RHB Manny Elizondo 0-0: Ball
1-0: Foul Ball, location: 2F
1-1: Ball
2-1: Foul Ball, location: 2F
2-2: Foul Ball, location: 2F
2-2: Fly out, F7 (Flyball, 7, EV 79.4 MPH)
Batting: LHB Ron de Vos 0-0: Ball
1-0: Foul Ball, location: 2F
1-1: Called Strike
1-2: Foul Ball, location: 2F
1-2: Strikes out swinging, 2-3 out at first.
Top of the 3rd over - 0 runs, 0 hits, 0 errors, 0 left on base; London 2 - Canton 2
BOTTOM OF THE 3RD
Canton Indians batting - Pitching for London Majors : LHP Antoine Herndon
Batting: RHB Leo Villa 0-0: Ball
1-0: Ball
2-0: Called Strike
2-1: Ball
3-1: Base on Balls
Batting: RHB Adam McMillen 0-0: Called Strike
0-1: Grounds into double play, 4-6-3 (Groundball, 4, EV 86.2 MPH)
Batting: LHB Sergei Stefanov 0-0: Called Strike
0-1: Ball
1-1: Ball
2-1: Swinging Strike
2-2: Ball
3-2: SOLO HOME RUN (Flyball, 7D, EV 96.9 MPH), Distance : 385 ft
Batting: RHB Patrick Pinault 0-0: Ball
1-0: Called Strike
1-1: Ball
2-1: SINGLE (Line Drive, 56, EV 96.9 MPH)
Batting: RHB Tacito Carreiro 0-0: Swinging Strike
0-1: Ball
1-1: DOUBLE (Line Drive, 7LM, EV 106.2 MPH)
Patrick Pinault to third
Runner from 3rd tries for Home, throw by LF and OUT! 7-6-2
Bottom of the 3rd over - 1 run, 3 hits, 0 errors, 1 left on base; London 2 - Canton 3
TOP OF THE 4TH
London Majors batting - Pitching for Canton Indians : RHP Joe Babich
Batting: RHB Akira Kubo 0-0: Ball
1-0: Ball
2-0: Ball
3-0: Called Strike
3-1: Foul Ball, location: 2F
3-2: Foul Ball, location: 2F
3-2: Base on Balls
Batting: RHB Carlos Murillo 0-0: Ball
1-0: Called Strike
1-1: Swinging Strike
1-2: Strikes out looking
Batting: RHB Mikey Sano 0-0: Called Strike
0-1: Ball
Akira Kubo steals 2nd base
1-1: Ball
2-1: Called Strike
2-2: SINGLE (Groundball, 4MD, EV 101.9 MPH)
Akira Kubo to third
Runner from 3rd tries for Home, SAFE, throw by CF to home
Batting: RHB Rudolph Lentz 0-0: Ball
1-0: Called Strike
1-1: Foul Ball, location: 2F
1-2: Strikes out looking
Batting: LHB Nate Greening 0-0: Called Strike
0-1: Swinging Strike
0-2: Ground out 5-3 (Groundball, 56S, EV 83.8 MPH)
Top of the 4th over - 1 run, 1 hit, 0 errors, 1 left on base; London 3 - Canton 3
BOTTOM OF THE 4TH
Canton Indians batting - Pitching for London Majors : LHP Antoine Herndon
Batting: RHB Aaron Stout 0-0: Ball
1-0: Fly out, F9 (Flyball, 89S, EV 72.5 MPH)
Batting: RHB Juan Ordonez 0-0: Foul Ball, location: 2F
0-1: Ball
1-1: Foul Ball, location: 2F
1-2: Foul Ball, location: 2F
1-2: Ball
2-2: Ground out 5-3 (Groundball, 56S, EV 68.1 MPH)
Batting: RHB Tony Gonzales 0-0: Ball
1-0: Ball
2-0: Ground out 6-3 (Groundball, 6, EV 86.2 MPH)
Bottom of the 4th over - 0 runs, 0 hits, 0 errors, 0 left on base; London 3 - Canton 3
TOP OF THE 5TH
London Majors batting - Pitching for Canton Indians : RHP Joe Babich
Batting: RHB Jorge Alva 0-0: Bunt for hit to 3S - play at first, batter OUT! 3-4
Batting: RHB Hanley Hernandez 0-0: Called Strike
0-1: Swinging Strike
0-2: Foul Ball, location: 2LF, Error on foul ball, E2
0-2: Ball
1-2: Ground out 5-3 (Groundball, 5, EV 81.2 MPH)
Pitching: RHP Jesus Montana
Batting: RHB Manny Elizondo 0-0: Called Strike
0-1: Foul Ball, location: 2F
0-2: Ball
1-2: Strikes out swinging
Top of the 5th over - 0 runs, 0 hits, 1 error, 0 left on base; London 3 - Canton 3
BOTTOM OF THE 5TH
Canton Indians batting - Pitching for London Majors : LHP Antoine Herndon
Batting: RHB George Wagner 0-0: Foul Ball, location: 2F
0-1: Ground out 5-3 (Groundball, 5, EV 103.8 MPH)
Batting: RHB Leo Villa 0-0: Ball
1-0: Ball
2-0: Ball
3-0: Base on Balls
Batting: RHB Adam McMillen 0-0: Ball
1-0: Called Strike
1-1: Foul Ball, location: 2F
1-2: Strikes out swinging
Batting: LHB Sergei Stefanov 0-0: Called Strike
0-1: Ball
1-1: Foul Ball, location: 2F
1-2: Strikes out swinging, 2-3 out at first.
Bottom of the 5th over - 0 runs, 0 hits, 0 errors, 1 left on base; London 3 - Canton 3
TOP OF THE 6TH
London Majors batting - Pitching for Canton Indians : RHP Jesus Montana
Batting: LHB Ron de Vos 0-0: Ball
1-0: Ball
2-0: Foul Ball, location: 2F
2-1: Called Strike
2-2: Ball
3-2: Base on Balls
Batting: RHB Akira Kubo 0-0: Called Strike
0-1: Grounds into double play, 6-4-3 (Groundball, 6S, EV 85.0 MPH)
Batting: RHB Carlos Murillo 0-0: Fly out, F9 (Line Drive, 89M, EV 97.5 MPH)
Top of the 6th over - 0 runs, 0 hits, 0 errors, 0 left on base; London 3 - Canton 3
BOTTOM OF THE 6TH
Canton Indians batting - Pitching for London Majors : LHP Antoine Herndon
Batting: RHB Patrick Pinault 0-0: Foul Ball, location: 2F
0-1: Ball
1-1: Foul Ball, location: 2F
1-2: Strikes out swinging
Batting: RHB Tacito Carreiro 0-0: Fly out, F9 (Flyball, 89D, EV 93.8 MPH)
Batting: RHB Aaron Stout 0-0: Called Strike
0-1: Ball
1-1: Ball
2-1: Called Strike
2-2: Strikes out swinging
Bottom of the 6th over - 0 runs, 0 hits, 0 errors, 0 left on base; London 3 - Canton 3
TOP OF THE 7TH
London Majors batting - Pitching for Canton Indians : RHP Jesus Montana
Batting: RHB Mikey Sano 0-0: Ball
1-0: Ball
2-0: Ball
3-0: Called Strike
3-1: Swinging Strike
3-2: Strikes out swinging
Batting: RHB Rudolph Lentz 0-0: Ground out 4-3 (Groundball, 4, EV 76.9 MPH)
Batting: LHB Nate Greening 0-0: Called Strike
0-1: Ball
1-1: Swinging Strike
1-2: Strikes out looking
Top of the 7th over - 0 runs, 0 hits, 0 errors, 0 left on base; London 3 - Canton 3
BOTTOM OF THE 7TH
Canton Indians batting - Pitching for London Majors : LHP Antoine Herndon
Batting: RHB Juan Ordonez 0-0: Swinging Strike
0-1: SINGLE (Line Drive, 9S, EV 96.9 MPH)
Batting: RHB Tony Gonzales 0-0: Bunt missed!
0-1: Sac Bunt to P - play at first, batter OUT! 1-3
Juan Ordonez to second
Batting: RHB George Wagner 0-0: Called Strike
0-1: Ball
1-1: Ball
2-1: Ball
3-1: Called Strike
3-2: SINGLE (Groundball, 6MD, EV 97.5 MPH)
Juan Ordonez to third
Runner from 3rd tries for Home, SAFE, throw by CF to home
Batting: RHB Leo Villa 0-0: Ball
1-0: Foul Ball, location: 2F
1-1: Ball
2-1: Foul Ball, location: 2F
2-2: Ball
3-2: Foul Ball, location: 2F
3-2: Ground out 1-3 (Groundball, 15S, EV 68.8 MPH)
George Wagner to second
Pitching: RHP Nick Ford
Batting: RHB Adam McMillen 0-0: Called Strike
0-1: Ball
1-1: Called Strike
1-2: Strikes out swinging
Bottom of the 7th over - 1 run, 2 hits, 0 errors, 1 left on base; London 3 - Canton 4
TOP OF THE 8TH
London Majors batting - Pitching for Canton Indians : RHP Jesus Montana
Now in LF: Juan Ordonez
Now in RF: Russ Kennett
Batting: SHB Mike Fermin 0-0: Ground out 6-3 (Groundball, 6M, EV 84.4 MPH)
Pinch Hitting: RHB Benedikt Fleischmann 0-0: Swinging Strike
0-1: Ball
1-1: Foul Ball, location: 2F
1-2: Foul Ball, location: 2F
1-2: Strikes out looking
Batting: RHB Manny Elizondo 0-0: Swinging Strike
0-1: Called Strike
0-2: Strikes out swinging
Top of the 8th over - 0 runs, 0 hits, 0 errors, 0 left on base; London 3 - Canton 4
BOTTOM OF THE 8TH
Canton Indians batting - Pitching for London Majors : RHP Nick Ford
Pitching: LHP William Capuano
Now at SS: Mike Vaughan
Batting: RHB Russ Kennett 0-0: SINGLE (Flyball, 6MD, EV 91.9 MPH)
Batting: RHB Patrick Pinault 0-0: Called Strike
0-1: Ball
1-1: Foul Ball, location: 2F
1-2: Ball
2-2: Strikes out looking
Batting: RHB Tacito Carreiro 0-0: Ball
1-0: Foul Ball, location: 2F
1-1: Foul Ball, location: 2F
1-2: Ball
2-2: Ball
3-2: Foul Ball, location: 2F
3-2: Fly out, F8 (Flyball, 8RM, EV 80.0 MPH)
Batting: RHB Aaron Stout 0-0: Ball
1-0: Ball
2-0: Ball
3-0: Called Strike
3-1: Called Strike
Russ Kennett is caught stealing 2nd base 2-4
Bottom of the 8th over - 0 runs, 1 hit, 0 errors, 0 left on base; London 3 - Canton 4
TOP OF THE 9TH
London Majors batting - Pitching for Canton Indians : RHP Jesus Montana
Pitching: RHP Chris Gomez
Batting: LHB Ron de Vos 0-0: Ball
1-0: Called Strike
1-1: DOUBLE (Line Drive, 9LD, EV 112.5 MPH)
Batting: RHB Akira Kubo 0-0: Fly out, F7 (Line Drive, 7LM, EV 88.8 MPH)
Pinch Hitting: RHB Brandon Williams 0-0: Ball
1-0: Ball
2-0: Ground out U3 (Groundball, 3L, EV 103.1 MPH)
Ron de Vos to third
Pinch Hitting: RHB David Gamez 0-0: Called Strike
0-1: Called Strike
0-2: Ball
1-2: Ball
Wild Pitch!
Ron de Vos scores
2-2: Strikes out swinging
Top of the 9th over - 1 run, 1 hit, 0 errors, 0 left on base; London 4 - Canton 4
BOTTOM OF THE 9TH
Canton Indians batting - Pitching for London Majors : LHP William Capuano
Now at C: David Gamez
Now at 3B: Joy-shan Li
Batting: RHB Aaron Stout 0-0: Called Strike
0-1: Foul Ball, location: 2F
0-2: Ball
1-2: Strikes out swinging
Batting: RHB Juan Ordonez 0-0: Ball
1-0: Ball
2-0: Ball
3-0: Called Strike
3-1: Foul Ball, location: 2F
3-2: Foul Ball, location: 2F
3-2: Foul Ball, location: 2F
3-2: Strikes out swinging
Pinch Hitting: RHB Leo Candelas 0-0: Swinging Strike
0-1: Ball
1-1: Ball
2-1: Foul Ball, location: 2F
2-2: Ball
3-2: DOUBLE (Line Drive, 78XD, EV 109.4 MPH)
Batting: RHB George Wagner 0-0: Intentional Walk
Batting: RHB Leo Villa 0-0: Ball
1-0: Ground out 4-3 (Groundball, 4, EV 91.9 MPH)
Bottom of the 9th over - 0 runs, 1 hit, 0 errors, 2 left on base; London 4 - Canton 4
TOP OF THE 10TH
London Majors batting - Pitching for Canton Indians : RHP Chris Gomez
Now at 3B: Makoto Narita
Batting: RHB Rudolph Lentz 0-0: Swinging Strike
0-1: Ball
1-1: Swinging Strike
1-2: Ball
2-2: Foul Ball, location: 2F
2-2: Ball
3-2: Strikes out looking
Pinch Hitting: RHB Chad Colyer 0-0: Foul Ball, location: 2F
0-1: Fly out, F9 (Flyball, 9D, EV 98.8 MPH)
Batting: SHB Mike Fermin 0-0: Called Strike
0-1: Foul Ball, location: 2F
0-2: Foul Ball, location: 2F
0-2: Ball
1-2: Strikes out swinging
Top of the 10th over - 0 runs, 0 hits, 0 errors, 0 left on base; London 4 - Canton 4
BOTTOM OF THE 10TH
Canton Indians batting - Pitching for London Majors : LHP William Capuano
Pitching: LHP Kevin Snider
Now at 2B: Chad Colyer
Batting: RHB Adam McMillen 0-0: Swinging Strike
0-1: Ball
1-1: Swinging Strike
1-2: Strikes out looking
Pinch Hitting: RHB Justin Young 0-0: Swinging Strike
0-1: Called Strike
0-2: Ball
1-2: Foul Ball, location: 2F
1-2: Foul Ball, location: 2F
1-2: Ball
2-2: Foul Ball, location: 2F
2-2: Fly out, F9 (Flyball, 9S, EV 76.9 MPH)
Pinch Hitting: RHB Bill Ortiz 0-0: Ball
1-0: Ball
2-0: Foul Ball, location: 2F
2-1: Foul Ball, location: 2F
2-2: Foul Ball, location: 2F
2-2: Ground out 5-3 (Groundball, 56, EV 81.9 MPH)
Bottom of the 10th over - 0 runs, 0 hits, 0 errors, 0 left on base; London 4 - Canton 4
TOP OF THE 11TH
London Majors batting - Pitching for Canton Indians : RHP Chris Gomez
Now at 2B: Jose Argueta
Now in RF: Xavier Bartolani
Pinch Hitting: RHB Bruce Ayotte 0-0: Ball
1-0: Foul Ball, location: 2F
1-1: Foul Ball, location: 2F
1-2: Ball
2-2: Ground out 5-3 (Groundball, 56S, EV 68.8 MPH)
Batting: RHB Manny Elizondo 0-0: Ball
1-0: Swinging Strike
1-1: DOUBLE (Line Drive, 7LM, EV 106.2 MPH)
Batting: LHB Ron de Vos 0-0: Ball
1-0: Foul Ball, location: 2F
1-1: Foul Ball, location: 2F
1-2: Strikes out swinging
Batting: RHB Akira Kubo 0-0: Intentional Walk
Batting: RHB Joy-shan Li Balk!
Manny Elizondo to third
Akira Kubo to second
0-0: Called Strike
0-1: Foul Ball, location: 2F
0-2: Foul Ball, location: 2F
0-2: Strikes out swinging
Top of the 11th over - 0 runs, 1 hit, 0 errors, 2 left on base; London 4 - Canton 4
BOTTOM OF THE 11TH
Canton Indians batting - Pitching for London Majors : LHP Kevin Snider
Pitching: LHP Matt Ray
Now at SS: Carlos Viera
Batting: RHB Tacito Carreiro 0-0: Ball
1-0: Swinging Strike
1-1: Ball
2-1: Called Strike
2-2: Ball
3-2: Base on Balls
Batting: RHB Aaron Stout 0-0: Sac Bunt to 13 - play at first, batter OUT! 1-3
Tacito Carreiro to second
Batting: RHB Juan Ordonez 0-0: Ball
1-0: Called Strike
1-1: Foul Ball, location: 2F
1-2: Foul Ball, location: 2F
1-2: Ball
2-2: SINGLE (Line Drive, 56, EV 99.4 MPH)
Tacito Carreiro to third
Batting: RHB Makoto Narita 0-0: Ball
1-0: Ball
2-0: Called Strike
2-1: Swinging Strike
2-2: Ball
3-2: Base on Balls
Juan Ordonez to second
Batting: RHB George Wagner 0-0: Ball
1-0: Ball
2-0: Fly out, F4 (Line Drive, 4, EV 66.2 MPH)
Batting: RHB Leo Villa 0-0: Called Strike
0-1: Ball
1-1: Ball
2-1: Ball
3-1: Base on Balls
Tacito Carreiro scores
Juan Ordonez to third
Makoto Narita to second
Bottom of the 11th over - 1 run, 1 hit, 0 errors, 3 left on base; London 4 - Canton 5
Thursday, December 15th , 2022 - OOTP Baseball 23.9 Build 102